 Dungeon Crawl Stone Soup version 0.29-a0-789-g7a8fcbc185 (webtiles) character file.

Game seed: 3340141271138590292

1906 buhh the Nimble (level 8, -1/37 HPs)
             Began as a Felid Transmuter on July 2, 2022.
             Was a Follower of Cheibriados.
             Slain by a hornet (17 damage)
             ... on level 8 of the Dungeon.
             The game lasted 00:16:10 (9657 turns).

buhh the Nimble (Felid Transmuter)                  Turns: 9657, Time: 00:16:11

Health: -1/37      AC:  2    Str:  8    XL:     8   Next: 94%
Magic:  10/12      EV: 27    Int: 25    God:    Cheibriados [*.....]
Gold:   1614       SH:  0    Dex: 23    Spells: 1/11 levels left
                                        Lives:  0   Deaths: 2

rFire   . . .      SeeInvis +     - Unarmed
rCold   . . .      Faith    .   (shield unavailable)
rNeg    . . .      Spirit   .   (body armour unavailable)
rPois   x          Reflect  .   (helmet unavailable)
rElec   .          Harm     .   (cloak unavailable)
rCorr   .          Rampage  .   (gloves unavailable)
Will    +....                   (boots unavailable)
Stlth   +++.......              (no amulet)
HPRegen 0.12/turn               o - +6 ring of intelligence
MPRegen 0.13/turn               e - ring of flight

@: spider-form (expiring), grasped by roots, flying, constricted, very slow
A: venomous fangs, tiny, (claws 1), (fangs 3), see invisible, (speed 1), (shaggy
fur 2), (stealthy paws), no weapons or thrown items, no armour, multi-lived,
(horns 1), (iridescent scales 1)
a: End Transformation, Renounce Religion, Bend Time


You were on level 8 of the Dungeon.
You worshipped Cheibriados.
Cheibriados was aware of your devotion.
You were a venomous arachnid creature.
You visited 2 branches of the dungeon, and saw 9 of its levels.
You also visited: Sewer.

You collected 1614 gold pieces.

Inventory:

Missiles
 d - 11 poisoned darts
Jewellery
 a - the amulet of Zadyttun {Rampage *Corrode rF++ Regen+ Stlth+}
   (You acquired it on level 3 of the Dungeon)

   [amulet of regeneration]

   rF:        It greatly protects you from fire.
   Regen:     It increases your rate of health regeneration.
   *Corrode:  It may corrode you when you take damage.
   Rampage:   It bestows one free step when moving towards enemies.
   Stlth:     It makes you more stealthy.
   Cheibriados disapproves of the use of such an item.
 b - a ring of positive energy
 e - a ring of flight (right front leg)
 h - a ring of ice
 o - a +6 ring of intelligence (left front leg)
 s - a ring of magical power
Wands
 l - a wand of polymorph (9)
 p - a wand of roots (5)
Scrolls
 c - 3 scrolls of blinking {!d}
 g - a scroll of enchant armour {unknown}
 r - a scroll of summoning {unknown}
 t - a scroll of teleportation {!d}
 P - a scroll of magic mapping {!r!d}
 Q - a scroll of fog
 T - 3 scrolls of immolation {!d}
Potions
 f - a potion of might
 i - 2 potions of brilliance {unknown}
 j - 2 potions of attraction {unknown}
 k - 2 potions of flight
 m - 2 potions of cancellation {unknown}
 n - 2 potions of invisibility {unknown}
 q - a potion of haste {unknown}
 M - a potion of heal wounds {!q!d}
 N - 3 potions of curing {!q!d}
 U - 2 potions of mutation {!d}


   Skills:
 + Level 5.3 Fighting
 - Level 10.0 Dodging
 - Level 5.0 Stealth
 + Level 6.0 Unarmed Combat
 - Level 2.0 Spellcasting
 * Level 4.6 Transmutations
 - Level 3.0 Poison Magic


You had one spell level left.
You knew the following spells:

 Your Spells              Type           Power      Damage    Failure   Level
a - Beastly Appendage     Tmut           50%        N/A       7%          1
b - Wereblood             Tmut           25%        N/A       10%         2
c - Spider Form           Tmut/Pois      21%        N/A       19%         3
d - Ice Form              Ice/Tmut       14%        N/A       63%         4

Your spell library contained the following spells:

 Spells                   Type           Power      Damage    Failure   Level
 Magic Dart               Conj           8%         1d3       26%         1
 Call Imp                 Summ           2%         N/A       36%         2
 Mephitic Cloud           Conj/Pois/Air  7%         N/A       43%         3
 Petrify                  Tmut/Erth      14%        N/A       63%         4
 Corpse Rot               Necr/Pois/Air  7%         N/A       78%         4
 Dispel Undead            Necr           2%         3d7       88%         4
 Metabolic Englaciation   Hex/Ice        1%         N/A       99%         5
 Death Channel            Necr           1%         N/A       100%        6
 Statue Form              Tmut/Erth      9%         N/A       100%        6


Dungeon Overview and Level Annotations

Branches:
Dungeon (8/15) Zot: 40292  Temple (1/1) D:6 Zot: 8902   Sewer (visited)
   Lair: D:8-11

Altars:
Ashenzari
Cheibriados
Elyvilon
Fedhas
Gozag
Hepliaklqana
Kikubaaqudgha
Nemelex Xobeh
Qazlal
Ru
Wu Jian

Annotations:
D:4 2 runed translucent doors, Iamsock's ghost, amateur DrWn


Innate Abilities, Weirdness & Mutations

You are a venomous arachnid creature.
You have poisonous fangs.
You are tiny and dextrous.
Your spellcasting is less reliable in this form.
((You have sharp claws.))
((You have razor-sharp teeth.))
You have supernaturally acute eyesight. (SInv)
((You cover ground quickly. (Speed+)))
((You are covered in thick fur. (AC +2)))
((Your paws help you pounce on unaware monsters.))
You are incapable of wielding weapons or throwing items.
You cannot wear armour.
You gain extra lives every three experience levels.
((You have a pair of small horns on your head.))
((You are partially covered in iridescent scales. (AC +2)))


Message History

Press: ? - help, Shift-Dir - straight line The roots erupt in riotous growth!
Roots grab the hornet.
The grasping roots constrict the hornet.
You hear a shout! x2
The hornet struggles to escape constriction.
The orc wizard points at you and mumbles some strange words.
The puff of flame hits you.
* * * LOW HITPOINT WARNING * * *
The hornet struggles to escape constriction.
You hit the orc wizard.
The orc wizard is lightly wounded.
The grasping roots constrict the hornet!
The roots release their grip on the hornet.
The orc wizard closely misses you.
Really quaff
M - 2 potions of heal wounds {!q!d}?
You feel much better. The hornet misses you.
The orc wizard gestures at you while chanting.
The magic dart hits you!
A centaur comes into view. It is carrying a wand of roots (6).
The hornet completely misses you.
Warning: an enemy near you is armed with a wand! (Y or N to confirm.) [Y]es or [N]o only, please.
Warning: an enemy near you is armed with a wand! (Y or N to confirm.) [Y]es or [N]o only, please.
Warning: an enemy near you is armed with a wand! (Y or N to confirm.) Neutralize or avoid the wand carrier ASAP!
Aiming: Fastroot
Press: ? - help, Shift-Dir - straight line The roots erupt in riotous growth!
Roots grab the hornet.
The grasping roots constrict the hornet.
You hear a shout!
The centaur zaps a wand.
The roots erupt in riotous growth!
The hornet is unaffected.
The grasping roots grab you!
The orc wizard is unaffected.
The grasping roots constrict you. The orc wizard casts a spell at you.
The magic dart hits you! The hornet stings you!
You die...

#################.##..........#
..................##..........#
####################..........#
#.....##..........#
#.....####..####### #.....#
##.## #.....# #..# #.....# #.##
#...s[###.# #...oy.##.#
#.........# ###.###...# #.
##.<# #. #...# #. #.#c# #.
#..#.# #.##..


You could see a hornet (rooted), a centaur and an orc wizard (very poisoned).

Vanquished Creatures
  Grinder (D:5)
  Eustachio (D:6)
  A steam dragon (D:8)
  Menkaure (D:4)
  A black bear (D:5)
  3 ogres
  A centaur (D:6)
  A kobold brigand (D:6)
  2 phantoms
  2 scorpions (D:4)
  5 bullfrogs
  A howler monkey (D:6)
  5 orc priests (D:7)
  2 hounds (D:7)
  An orc wizard (D:7)
  3 iguanas
  Robin (D:4)
  4 gnolls (D:7)
  12 adders
  An ufetubus (D:7)
  4 worms
  6 dart slugs
  13 orcs
  8 ball pythons
  8 bats
  8 endoplasms
  11 giant cockroaches
  18 goblins
  11 hobgoblins
  10 quokkas
  10 frilled lizards
  12 kobolds
  6 rats
174 creatures vanquished.

Vanquished Creatures (others)
  2 fungi (D:7)
2 creatures vanquished.

Grand Total: 176 creatures vanquished

Notes
Turn   | Place    | Note
-------+----------+-------------------------------------------
     0 | D:1      | buhh the Felid Transmuter began the quest for the Orb.
     0 | D:1      | Reached XP level 1. HP: 9/9 MP: 4/4
    92 | D:1      | Reached skill level 3 in Dodging
   246 | D:1      | Reached XP level 2. HP: 6/12 MP: 4/6
   858 | D:1      | Found a faded altar of an unknown god.
  1552 | D:2      | Reached skill level 4 in Dodging
  1552 | D:2      | Reached XP level 3. HP: 16/16 MP: 5/7
  3011 | D:1      | Reached XP level 4. HP: 17/18 MP: 6/8
  3167 | D:3      | Identified a scroll of acquirement
  3167 | D:3      | Acquired the amulet of Zadyttun {Rampage *Corrode rF++
                  | Regen+ Stlth+}
  3199 | D:3      | Found a glowing drain.
  3295 | Sewer    | Entered a sewer
  3358 | Sewer    | Slain by an adder
  3359 | Sewer    | Reached XP level 3. HP: -3/15 MP: 7/7
  3402 | Sewer    | Reached skill level 5 in Dodging
  3426 | Sewer    | Reached XP level 4. HP: 20/20 MP: 8/8
  3576 | Sewer    | Noticed a bullfrog
  3578 | Sewer    | Noticed a bullfrog
  3588 | Sewer    | Killed a bullfrog
  3589 | Sewer    | Reached XP level 5. HP: 24/24 MP: 7/9
  3685 | Sewer    | Reached skill level 6 in Dodging
  4413 | D:3      | Gained mutation: You are covered in thick fur. (AC +2)
                  | [Felid growth]
  4413 | D:3      | Reached XP level 6. HP: 28/28 MP: 8/10
  4703 | D:4      | Noticed Menkaure
  4720 | D:4      | Killed Menkaure
  4721 | D:4      | Reached skill level 7 in Dodging
  4930 | D:4      | Found a runed translucent door.
  5029 | D:4      | Noticed Robin
  5118 | D:4      | Killed Robin
  5119 | D:4      | Reached XP level 7. HP: 25/31 MP: 11/11
  5433 | D:4      | Reached skill level 8 in Dodging
  5452 | D:4      | Found a runed translucent door.
  5455 | D:4      | Noticed Iamsock's ghost (amateur DrWn)
  5524 | D:4      | Identified the +8 spear of Kutixuf {elec, rCorr SInv}
  5600 | D:5      | Entered Level 5 of the Dungeon
  5626 | D:5      | Acquired 1214 gold pieces
  5661 | D:4      | Learned a level 2 spell: Wereblood
  5665 | D:4      | Learned a level 3 spell: Spider Form
  5700 | D:4      | Gained mutation: You occasionally lose the ability to read
                  | scrolls when taking damage. [mutagenic glow]
  5750 | D:4      | Lost mutation: You occasionally lose the ability to read
                  | scrolls when taking damage. [potion of mutation]
  5750 | D:4      | Gained mutation: You are partially covered in iridescent
                  | scales. (AC +2) [potion of mutation]
  5750 | D:4      | Gained mutation: You have a pair of small horns on your
                  | head. [potion of mutation]
  6125 | D:5      | Slain by a black bear
  6126 | D:5      | Reached XP level 6. HP: -1/28 MP: 10/10
  6211 | D:5      | Noticed Grinder
  6218 | D:5      | Paralysed by Grinder for 4 turns
  6232 | D:5      | Killed Grinder
  6233 | D:5      | Reached XP level 7. HP: 17/33 MP: 11/11
  6397 | D:5      | Identified the +1 robe "Ypler" {-Cast Str+4 Slay+4}
  6508 | D:5      | Reached skill level 9 in Dodging
  7333 | D:6      | Reached XP level 8. HP: 34/36 MP: 12/12
  7561 | D:6      | Identified the +8 mace "Zyjein" {chaos, rC+}
  7614 | D:6      | Found a staircase to the Ecumenical Temple.
  7623 | Temple   | Entered the Ecumenical Temple
  7665 | Temple   | Became a worshipper of Cheibriados the Contemplative
  7678 | Temple   | Learned a level 4 spell: Ice Form
  7759 | D:6      | Noticed Eustachio
  7772 | D:6      | Killed Eustachio
  8454 | D:7      | Reached skill level 10 in Dodging
  9021 | D:7      | Reached * piety under Cheibriados
  9543 | D:8      | Noticed a hornet
  9650 | D:8      | Noticed a hornet
  9657 | D:8      | Slain by a hornet

Illustrated notes

Levels and vault maps discovered:
D:1:      roderic_crossed_star, layout_rooms,
          hellmonk_ecumenical_altar_arch_garden, nrook_loot_triangle,
          glass_columns_a, minmay_cut_off
D:2:      layout_basic
D:3:      layout_basic, cheibrodos_sewer_entry_drain, dk_vineyard_1
D:4:      layout_loops_ring, ebering_ghost_sewer_f, uniq_robin, uniq_menkaure
D:5:      layout_layer_cave, uniq_grinder
D:6:      layout_cave_pods, minmay_temple_entry_antechambers, uniq_eustachio
D:7:      layout_layer_cave, wad_woods_river_04, dreamdust_gnoll_farm
D:8:      layout_rooms
Temple:   regret_index_temple_chain_breaker

Skill      XL: |  1  2  3  4  5  6  7  8 |
---------------+-------------------------+-----
Dodging        | 3 4 5 6 7 9 10 | 10.0
Fighting       | 2 3 4 5 |  5.3
Unarmed Combat | 4 5 6 |  6.0
Stealth        | 3 5 |  5.0
Poison Magic   | 3 |  3.0
Transmutations | 4 |  4.6
Spellcasting   | |  2.0

Action                   |  1- 3 |  4- 6 |  7- 9 || total
-------------------------+-------+-------+-------++-------
Melee: Unarmed           |   138 |   225 |   200 ||   563
       Bite              |    13 |    20 |    14 ||    47
       Headbutt          |    16 |    25 |    17 ||    58
       Punch             |     2 |     6 |     3 ||    11
 Cast: Beastly Appendage |    33 |    42 |     7 ||    82
       Spider Form       |       |       |     9 ||     9
Evoke: Wand              |       |     3 |     9 ||    12
  Use: Potion            |     1 |     2 |     4 ||     7
       Scroll            |       |    13 |     2 ||    15
 Stab: Sleeping          |     6 |    10 |     4 ||    20
       Distracted        |       |       |     2 ||     2
       Invisible         |       |       |     1 ||     1
Armor: Skin              |    19 |    12 |    16 ||    47
Dodge: Dodged            |    96 |   180 |   216 ||   492

Table legend: (Time is in decaauts)
 A = Elapsed time spent in this place.
 B = Non-inter-level travel time spent in this place.
 C = Inter-level travel time spent in this place.
 D = Time resting spent in this place.
 E = Time spent auto-exploring this place.
 F = Levels seen in this place.
 G = Mean time per level.
                   A        B        C        D        E       F      G
               +--------+--------+--------+--------+--------+-----+--------+
         Total |   8909 |   8684 |    225 |   1593 |   5328 |  10 |  890.9 |
       Dungeon |   8172 |   7968 |    204 |   1593 |   5133 |   8 | 1021.5 |
        Temple |     80 |     59 |     21 |      0 |     39 |   1 |   80.0 |
         Sewer |    656 |    656 |      0 |      0 |    155 |   1 |  656.0 |
               +--------+--------+--------+--------+--------+-----+--------+

Top non-repeatable levels by time:
     D:7: 1572 daAuts
     D:2: 1555 daAuts
     D:1: 1319 daAuts
     D:5: 1032 daAuts
     D:4: 915 daAuts
     D:6: 856 daAuts
     D:3: 714 daAuts
   Sewer: 656 daAuts
     D:8: 206 daAuts
  Temple: 80 daAuts
